[Event "*** Titled Tuesday Blitz"]
[Site "Chess.com"]
[Date "2020.03.03"]
[Round "6"]
[White "M1711"]
[Black "RoelandPruijssers"]
[Result "1-0"]
[WhiteElo "2545"]
[BlackElo "2667"]
[TimeControl "180+1"]
[EndTime "14:03:53 PST"]
[Termination "M1711 won on time"]

1. e4 d5 2. exd5 Qxd5 3. Nc3 Qa5 4. Bc4 Nf6 5. d3 Bg4 6. f3 Bd7 7. Bd2 Qb6 8. Qe2 e6 9. O-O-O Be7 10. Nh3 Nc6 11.
Kb1 Nd4 12. Qf2 O-O-O 13. Ng5 Be8 14. Rhe1 Ba3 15. Bc1 Bb4 16. Bd2 h6 17. Nge4 Bc6 18. Nxf6 gxf6 19. Ne4 Bxd2 20. Qxd2 Bxe4 21. fxe4 Qd6 22.
Rf1 f5 23. exf5 Nxf5 24. g3 h5 25. Rf4 h4 26. g4 Nd4 27. Rxf7 h3 28. g5 Rdg8 29.
Rg1 Rg6 30. a3 Rhg8 31. Rg3 Nf5 32. Rxf5 exf5 33. Bxg8 Rxg8 34. Rxh3 f4 35. Rf3 Rxg5 36. Qxf4 Rg1+ 37. Ka2 Qxf4 38. Rxf4 Rg2 39. Kb3 Rxh2 40. Rf7 b6 41. Kc3 Kb7 42. b4 Rg2 43. Rf5 a6 44. a4 Rh2 45. Kb3 Rh3 46. Rg5 Rf3 47. Kc4 Rf2 48. c3 Ra2 49. a5 bxa5 50. Rxa5 Rh2 51. Re5 Rh4+ 52. d4 Rh3 53. Rg5 Rf3 54.
Rg2 Rh3 55. Rd2 Rh5 56. d5 Kb6 57. Rd4 Rh3 58. Re4 Rg3 59. Re6+ Kb7 60. Rf6 Rg4+ 61. Kc5 Rg3 62. c4 Rg4 63. Rf7 Kb8 64. Rd7 Kc8 65. Rh7 Kb8 66. Rh6 Kb7 67. Rf6 1-0

[Event "*** Titled Tuesday Blitz"]
[Site "Chess.com"]
[Date "2020.03.03"]
[Round "6"]
[White "Abdimalik_Abdisalimov"]
[Black "Sebastian"]
[Result "1-0"]
[WhiteElo "2865"]
[BlackElo "3007"]
[TimeControl "180+1"]
[EndTime "14:03:54 PST"]
[Termination "Abdimalik_Abdisalimov won on time"]

1. Nf3 d5 2. d4 Nf6 3. c4 e6 4. g3 Be7 5. Bg2 O-O 6. O-O dxc4 7. Ne5 Nc6 8. Bxc6 bxc6 9. Nxc6 Qe8 10. Nxe7+ Qxe7 11.
Qa4 e5 12. dxe5 Qxe5 13. Qxc4 Be6 14. Qc2 Bf5 15. Qc4 Be6 16. Qc2 Qh5 17. f3 Rfe8 18.
e4 Bh3 19. Rf2 Rad8 20. Nc3 Qc5 21. Bf4 h6 22. Nd5 Rxd5 23. exd5 Qxd5 24. Qd2 Qe6 25. Rd1 Qxa2 26. Re1 Rxe1+ 27. Qxe1 c6 28. Be5 Nd5 29. Bd4 a6 30. Rd2 Qc4 31. Kf2 Kh7 32. Qe4+ Kg8 33. Qe2 Qc1 34. Rd1 Qg5 35. Qe8+ Kh7 36. Qxf7 Nb4 37.
Qc4 a5 38. Bc3 Nd5 39. Bd2 Qg6 40. Bxa5 Bf5 41. g4 Bc2 42. Rd2 Bb1 43. Bc3 Qe6 44. Qd4 Qe7 45. Qe5 Qa7+ 46. Kg3 Qg1+ 47.
Rg2 Qa7 48. h4 Qf7 49. h5 Qd7 50. Rd2 Qf7 51. Bd4 Qd7 52. Rf2 Qf7 53. Rf1 Bd3 54.
Rd1 Bc2 55. Rc1 Nb4 56. Rf1 Bd3 57. Rf2 Bb1 58. Rd2 Nd5 59. Bc3 Qa7 60. Bd4 Qf7 61.
Rf2 Qb7 62. f4 Qb3+ 63. Bc3 Qb7 64. g5 hxg5 65. fxg5 Qd7 66. g6+ Kg8 67. Rf7 1-0

[Event "*** Titled Tuesday Blitz"]
[Site "Chess.com"]
[Date "2020.03.03"]
[Round "6"]
[White "Ba_clbaf_osed_ingo_3v21"]
[Black "Aleksey_Sorokin"]
[Result "1/2-1/2"]
[WhiteElo "2633"]
[BlackElo "2846"]
[TimeControl "180+1"]
[EndTime "14:03:54 PST"]
[Termination "Game drawn by repetition"]

1. Nf3 Nf6 2. c4 e6 3. Nc3 d5 4. d4 c5 5. cxd5 exd5 6. g3 Nc6 7. Bg2 cxd4 8. Nxd4 Bc5 9. Nb3 Bb6 10. O-O O-O 11. Bg5 d4 12. Ne4 Re8 13. Bxf6 gxf6 14. Rc1 Bf5 15.
Nec5 Bc8 16. Nxb7 Bxb7 17. Bxc6 Bxc6 18. Rxc6 Re5 19. Qd3 Qd7 20. Rfc1 Rae8 21. e3 Qh3 22.
Nxd4 Bxd4 23. Qxd4 Rh5 24. R6c5 Rh6 25. Qd5 Qxh2+ 26.
Kf1 Re5 27. Qg2 Qh5 28. Rc8+ Kg7 29. R8c4 Qf5 30. Kg1 Qg6 31. Qf3 Reh5 32. Kf1 Qd3+ 33. Kg1 Qg6 34. Qg4 Rg5 35. Qf3 Rf5 36. Qg4 Rg5 37.
Qe4 Qh5 38. Qg2 Qe2 39. R4c2 Qd3 40. Rc3 Qg6 41. Rc4 Rgh5 42. Qf3 f5 43. Qg2 Qg5 44.
Rf4 Qe7 45. Qf3 Qe5 46. Rf1 Qxb2 47. Rxf5 Rh1+ 48. Qxh1 Rxh1+ 49. Kxh1 Qxa2 50. Rf4 Qd5+ 51. Kg1 Qe5 52. Rb1 a5 53. Rd1 Qb2 54. Rdd4 h6 55. Kg2 Qb7+ 56. Kh2 Qb2 57. Ra4 Qd2 58. Kg2 Qd5+ 59.
Kh2 Qd2 60. Kg1 Qd1+ 61. Kh2 Qd2 1/2-1/2

[Event "*** Titled Tuesday Blitz"]
[Site "Chess.com"]
[Date "2020.03.03"]
[Round "6"]
[White "norwaytoadog"]
[Black "SARGISMV"]
[Result "0-1"]
[WhiteElo "2279"]
[BlackElo "2454"]
[TimeControl "180+1"]
[EndTime "14:03:57 PST"]
[Termination "SARGISMV won on time"]

1. e4 e6 2. d4 d5 3. Nc3 Bb4 4. e5 c5 5. a3 Bxc3+ 6. bxc3 Ne7 7. h4 Qc7 8. h5 cxd4 9. cxd4 Qc3+ 10. Bd2 Qxd4 11.
Nf3 Qe4+ 12. Be2 h6 13. Rh4 Qh7 14. Bd3 Qg8 15. Rg4 Nbc6 16. Rb1 b6 17. Qe2 Bd7 18. c4 Qf8 19. Bb4 Nxb4 20. axb4 dxc4 21. Bxc4 O-O-O 22. Ra1 Nc6 23. b5 Na5 24. Bd3 Kb8 25. Rga4 Bc8 26.
Kf1 Qc5 27. Kg1 Bb7 28. Be4 Bxe4 29. Qxe4 Rd5 30. Rc4 Qxb5 31. Rc3 Rhd8 32. Rac1 Rd1+ 33. Kh2 Rxc1 34. Rxc1 Qd5 35. Qf4 Rd7 36. Qg4 Nc4 37.
Qxg7 b5 38. Qf8+ Kb7 39. Qxh6 b4 40. Qf4 Rc7 41. h6 b3 42. Rb1 b2 43. h7 Qd3 44. h8=Q Qxb1 45. Qe8 Qc2 46. Qb5+ Nb6 47. Nd4 Qc3 48. Qe4+ Kb8 49. Qe8+ Nc8 50. Nb5 Qc5 51.
Nxc7 Kxc7 52. Qxf7+ Ne7 53. Qxe6 Qb4 54. Qf7 Qxe4 55.
Qe6 Qc6 56. Qxe7+ Kb6 57. Qb4+ Qb5 58. Qd4+ Ka5 59. Qc3+ Ka4 0-1

[Event "*** Titled Tuesday Blitz"]
[Site "Chess.com"]
[Date "2020.03.03"]
[Round "6"]
[White "WiktoriaPOL"]
[Black "Vusatiuk_Vladimir"]
[Result "1/2-1/2"]
[WhiteElo "2249"]
[BlackElo "2367"]
[TimeControl "180+1"]
[EndTime "14:04:02 PST"]
[Termination "Game drawn by stalemate"]

1. c4 e6 2. Nc3 d5 3. cxd5 exd5 4. d4 Be7 5. Nf3 Nf6 6. Bg5 O-O 7. e3 Nbd7 8. Bd3 a5 9. O-O h6 10. Bh4 c6 11.
Qc2 b5 12. Ne2 Bb7 13. Rac1 a4 14. Ne5 Nxe5 15. dxe5 Nd7 16. Bxe7 Qxe7 17. f4 f6 18. Nd4 Ra6 19. Nf5 Qe6 20. Nh4 Rc8 21. Bf5 Qe8 22.
e6 Nf8 23. e7 Qxe7 24. Bxc8 Bxc8 25. Rf3 Qe4 26. Qxe4 dxe4 27. Rf2 Kf7 28. g3 Bd7 29. Rd2 Ke7 30. Rcd1 g5 31. fxg5 hxg5 32. Ng2 c5 33. Rd5 Rc6 34. Rc1 Ne6 35. Rcd1 Rc7 36. h4 c4 37. h5 b4 38. h6 Bc6 39. Ra5 Rc8 40. Ra7+ Nc7 41. h7 Ke6 42. Rxc7 Rxc7 43. h8=Q c3 44. Qg8+ Ke5 45. bxc3 bxc3 46. Rc1 Bd7 47. Qb8 Kd6 48. Qxc7+ Kxc7 49. Rxc3+ Kd6 50. Rc4 Bc6 51. Kf2 Kd5 52. Rd4+ Kc5 53. Ke2 f5 54. Kd2 Bd5 55. a3 Bb3 56. Kc3 Bd1 57. Rxd1 f4 58. gxf4 gxf4 59.
Nxf4 Kc6 60. Rd4 Kc5 61. Rxe4 Kb5 62. Re5+ Kb6 63. Kc4 Ka6 64. Re6+ Ka5 65. Re5+ Ka6 66. Kb4 Kb6 67. Kxa4 Kc6 68. Kb4 Kb6 69. Re6+ Kc7 70. Kc5 Kd7 71. e4 Kc7 72. Re7+ Kd8 73. Kd6 Kc8 74. e5 Kd8 75. Rh7 Kc8 76. e6 Kd8 77. e7+ Ke8 78. Rh8+ Kf7 79. e8=Q+ Kf6 80. Rh6+ Kg5 81.
Qg6+ Kxf4 82. Rh4+ Kf3 83. Qg4+ Ke3 84. Rh3+ Kf2 85.
Qg3+ Kf1 86. Rh2 1/2-1/2

[Event "*** Titled Tuesday Blitz"]
[Site "Chess.com"]
[Date "2020.03.03"]
[Round "6"]
[White "Shant_Sargsyan"]
[Black "pouya21"]
[Result "0-1"]
[WhiteElo "2979"]
[BlackElo "2815"]
[TimeControl "180+1"]
[EndTime "14:04:11 PST"]
[Termination "pouya21 won by resignation"]

1. d4 Nf6 2. Nf3 e6 3. c4 c5 4. g3 cxd4 5. Nxd4 Bb4+ 6. Nc3 Ne4 7. Qc2 Nxc3 8. bxc3 Be7 9. Bg2 O-O 10. O-O Na6 11. Rd1 Nc5 12. Bf4 a6 13. Rab1 d6 14.
Nb3 Qc7 15. Nxc5 Qxc5 16. Bxb7 Rb8 17. Be4 Rxb1 18. Rxb1 f5 19. Bg2 Qxc4 20. h4 e5 21. Rb4 Qf7 22. Bg5 e4 23. Bxe7 Qxe7 24. e3 Be6 25.
Qd2 a5 26. Rd4 d5 27. Bf1 Qc5 28. Qb2 Rc8 29. Rd1 Qxc3 30. Qb6 Bf7 31. Bh3 g6 32. h5 Qc5 33. Qf6 Qc6 34. Qd4 Qc5 35. Qf6 Rc6 36. Qe5 Qd6 37. Qb2 Qf6 38. Qb5 Kg7 39.
Qxa5 Ra6 40. Qd2 Ra3 41. hxg6 hxg6 42. Bf1 g5 43. Rb1 f4 44. Rb3 fxe3 45. fxe3 Ra8 46. Qb2 d4 47. Rb4 d3 48. Qxf6+ Kxf6 49. Rxe4 d2 50.
Rd4 Rxa2 51. Be2 Bb3 52. g4 Ra1+ 53. Kf2 d1=Q 54. Bxd1 Rxd1 55. Rb4 Be6 56. Kf3 Ke5 57. Rb5+ Rd5 58. Rb6 Ra5 59. Rb8 Ra4 60. Rb5+ Bd5+ 61.
Kg3 Ra3 62. Kf2 Ra2+ 63. Kg3 Rg2+ 64. Kh3 Re2 65. Ra5 Rxe3+ 66. Kh2 Rd3 67. Rb5 Kf4 68.
Rb4+ Be4 69. Ra4 Rd1 0-1

[Event "*** Titled Tuesday Blitz"]
[Site "Chess.com"]
[Date "2020.03.03"]
[Round "6"]
[White "Poghosyan_Suren"]
[Black "Keaton87"]
[Result "1/2-1/2"]
[WhiteElo "2457"]
[BlackElo "2630"]
[TimeControl "180+1"]
[EndTime "14:04:12 PST"]
[Termination "Game drawn - insufficient material"]

1. Nf3 Nf6 2. c4 g6 3. b3 Bg7 4.
Bb2 O-O 5. g3 c6 6. Bg2 d5 7. O-O a5 8. Nc3 d4 9. Na4 d3 10. exd3 Na6 11. d4 Bf5 12. d3 Nb4 13. Ne5 Ne8 14. Nc5 b6 15. a3 Bxe5 16. axb4 bxc5 17.
dxe5 Bxd3 18. Bxc6 Bxf1 19. Bxa8 Qxa8 20. Qxf1 cxb4 21.
e6 fxe6 22. Qe2 Qf3 23. Qxe6+ Rf7 24. Bd4 Qxb3 25. Qe5 Nf6 26. Rxa5 Qxc4 27. Rc5 Qa2 28. Qb8+ Rf8 29. Qxb4 Ne4 30. Qc4+ Qxc4 31. Rxc4 Nd6 32. Rc7 Kf7 33. Be5 Rd8 34. g4 Ne8 35. Ra7 Rd5 36.
f4 Nf6 37. h3 Rd2 38. Kf1 Ne4 39. Ke1 Rh2 40. Ra4 Nf2 41. f5 Nd3+ 42. Kf1 Nxe5 43. Re4 Nd7 44. fxg6+ hxg6 45. Re3 e5 46. Kg1 Rb2 47.
Rd3 Ke6 48. Ra3 e4 49. Ra6+ Nb6 50. h4 Ke5 51. h5 gxh5 52. gxh5 Kf5 53. Ra5+ Kf6 54.
Kf1 e3 55. Ke1 Nc4 56. Rc5 Rc2 57. h6 Kg6 58. Rc6+ Kh7 59. Kd1 e2+ 60. Ke1 Kh8 61.
Rc7 Kg8 62. h7+ Kh8 63. Kf2 Rc3 64. Kxe2 Rc2+ 65. Kd3 Rd2+ 66. Kc3 Rh2 67. Rxc4 Rxh7 68. Rg4 Rg7 69. Rxg7 Kxg7 1/2-1/2

[Event "*** Titled Tuesday Blitz"]
[Site "Chess.com"]
[Date "2020.03.03"]
[Round "6"]
[White "francyIM"]
[Black "ZWISCHENZUGGED"]
[Result "1-0"]
[WhiteElo "2707"]
[BlackElo "2543"]
[TimeControl "180+1"]
[EndTime "14:04:40 PST"]
[Termination "francyIM won by resignation"]

1. d4 d5 2. c4 c6 3. Nf3 Nf6 4.
Qb3 dxc4 5. Qxc4 e6 6. Nbd2 Be7 7. g3 b5 8. Qc2 Bb7 9. Bg2 Nbd7 10. O-O Qb6 11.
a4 c5 12. dxc5 Nxc5 13. axb5 Qxb5 14. b3 O-O 15. Qc4 Qxc4 16. bxc4 Rfc8 17. Ba3 Kf8 18. Rfb1 Bc6 19. Ne5 Bxg2 20. Kxg2 Rab8 21. Rxb8 Rxb8 22. Nc6 Rc8 23. Nxa7 Rc7 24. Nb5 Rc8 25. Bxc5 Bxc5 26. e3 Bb4 27. Nb3 Rxc4 28. Ra8+ Ke7 29. Ra7+ Ke8 30. Ra4 Kd7 31. Na3 Re4 32. f3 Bxa3 33.
fxe4 Bd6 34. Nd2 Ng4 35. Nc4 Bc5 36. Ra1 Nxe3+ 37. Nxe3 Bxe3 38. Rb1 Ke8 39. Kf3 Bd4 40. Rb8+ Ke7 41. Rb7+ Ke8 42. h3 h5 43. g4 hxg4+ 44. hxg4 g6 45. Ke2 Be5 46. Ke3 Bd6 47. Kd4 Kf8 48. e5 Be7 49. Kc4 Bg5 50. Kc5 Ke8 51. Kd6 Kf8 52. Kd7 Bf4 53. Rb5 Bg3 54. Rb8+ Kg7 55.
Ke8 Bxe5 56. Rb7 Kf6 57. Rxf7+ Kg5 58. Ke7 Kxg4 59. Kxe6 Bf4 60. Kd5 g5 61. Ke4 Kg3 62. Rg7 Kg4 63. Rb7 Kg3 64. Rb1 Kf2 65. Kf5 Ke3 66.
Kg4 Ke4 67. Re1+ Kd4 68. Kf3 Kd5 69. Re8 Kd4 70. Re4+ Kd5 71. Ra4 Ke5 72. Kf2 Kd5 73. Ke2 Ke5 74. Kf3 Kd5 75. Re4 Kd6 76. Rd4+ Ke5 77.
Rd1 Kf5 78. Rd5+ Ke6 79. Ke4 Kf6 80. Rb5 Ke6 81. Rb6+ Kd7 82. Kd5 Kc7 83. Rg6 Kb7 84.
Rg7+ Ka8 85. Kc6 Kb8 86. Re7 Ka8 87. Kb6 Bb8 88. Rg7 Bf4 89. Rg8+ Bb8 90. Rxg5 Bf4 91. Rf5 Bg3 92. Rf3 Be5 93. Rd3 Bf4 94. Ra3+ Kb8 95.
Rf3 Bc7+ 96. Kc6 Be5 97. Rf8+ Ka7 98. Rf7+ Ka6 99. Re7 Bd4 100. Re4 Bb6 101. Ra4+ Ba5 102. Ra1 1-0

[Event "*** Titled Tuesday Blitz"]
[Site "Chess.com"]
[Date "2020.03.03"]
[Round "6"]
[White "JonahWillow"]
[Black "ChristianAlm"]
[Result "1/2-1/2"]
[WhiteElo "2628"]
[BlackElo "2369"]
[TimeControl "180+1"]
[EndTime "14:04:42 PST"]
[Termination "Game drawn by repetition"]

1. Nc3 Nf6 2. e4 d6 3. d4 g6 4. f4 Bg7 5. Nf3 O-O 6. Bd3 c6 7. O-O b5 8. e5 Nh5 9. Ne4 dxe5 10. dxe5 Bg4 11. h3 Bxf3 12. Qxf3 f5 13. Nc5 Qc8 14. Be3 Nd7 15. Ne6 Nxe5 16. fxe5 Qxe6 17. Rae1 Qxe5 18. Qxc6 Rac8 19. Qb7 Rc7 20. Qf3 Qxb2 21. Qd5+ Kh8 22. Rb1 Qe5 23. Qxe5 Bxe5 24. Rxb5 Bd6 25. Bd4+ Nf6 26. g4 fxg4 27. hxg4 Kg8 28. g5 Nh5 29.
Rxf8+ Kxf8 30. Rb8+ Kf7 31. Rh8 Nf4 32. Rxh7+ Ke6 33. Rg7 Nxd3 34. cxd3 Kf5 35. Be3 Rc2 36. Rf7+ Ke6 37. Rg7 Kf5 38. a4 Re2 39. Bxa7 Ra2 40.
Rf7+ Kxg5 41. Be3+ Kg4 42. Rg7 Kf3 43. Bd4 Rd2 44.
Rf7+ Kg3 45. Bf2+ Kh3 46. Rh7+ Kg4 47. Rg7 g5 48. a5 Ra2 49. Kg2 Rxa5 50. d4 Kf5 51.
Be3 Ke4 52. Bxg5 Rf5 53. Bxe7 Bxe7 54. Rxe7+ Kxd4 55. Kg3 Rd5 56. Kf4 Kc5 57. Rc7+ Kd6 58. Rc8 Rc5 59. Rd8+ Kc7 60. Rd1 Rc4+ 61. Ke5 Rc5+ 62.
Kd4 Rc6 63. Rh1 Rd6+ 64. Ke5 Rd7 65. Ke6 Rd2 66. Rc1+ Kb6 67. Ke5 Rd8 68. Rb1+ Kc5 69. Ke4 Re8+ 70. Kd3 Rg8 71. Rc1+ Kd5 72. Ra1 Rg3+ 73.
Ke2 Rg2+ 74. Kf3 Rb2 75. Ke3 Kc4 76. Rc1+ Kb4 77. Rd1 Rb3+ 78. Kd4 Rh3 79. Rb1+ Ka3 80. Kc4 Rh4+ 81. Kc3 Rh3+ 82. Kc2 Rh2+ 83. Kd3 Rh3+ 84. Kc4 Rh4+ 85. Kb5 Rh5+ 86. Kc4 Rh4+ 1/2-1/2

[Event "*** Titled Tuesday Blitz"]
[Site "Chess.com"]
[Date "2020.03.03"]
[Round "6"]
[White "ChessLover0108"]
[Black "Hrant_ChessMood"]
[Result "0-1"]
[WhiteElo "2765"]
[BlackElo "2945"]
[TimeControl "180+1"]
[EndTime "14:04:51 PST"]
[Termination "Hrant_ChessMood won on time"]

1. d4 Nf6 2. c4 g6 3. Nc3 Bg7 4. e4 d6 5. Be2 O-O 6. Be3 Na6 7. Nf3 c5 8. d5 e6 9. O-O Re8 10. Nd2 exd5 11. cxd5 Nc7 12. a4 a6 13. Qc2 Rb8 14.
a5 Bd7 15. Rfe1 Nb5 16. Nxb5 Bxb5 17. Bxb5 axb5 18. f3 Ra8 19. b4 Nxd5 20. exd5 Rxe3 21. Rxe3 Bxa1 22. Nb3 Qf6 23. Qd1 Be5 24. Re4 c4 25.
Nd4 Bxd4+ 26. Qxd4 Qxd4+ 27. Rxd4 b6 28. axb6 Rb8 29. Rd2 Rxb6 30. Ra2 Rb8 31. Kf2 Kf8 32. Ra7 Rc8 33. Ke2 c3 34. Kd1 Rc4 35. Kc2 Rxb4 36. Kxc3 Rc4+ 37. Kd3 Rc5 38. Ke4 Ke8 39. Ra8+ Ke7 40.
Ra7+ Kf6 41. Rd7 Rc4+ 42. Kd3 Ke5 43. Rxf7 Kxd5 44. Rxh7 b4 45. Rb7 Rc3+ 46. Kd2 Kc4 47. h4 d5 48. g4 Rxf3 49. Ke2 Rh3 50. Rh7 b3 51. Kd2 b2 52. Kc2 Rh2+ 53. Kb1 d4 54.
h5 gxh5 55. Rxh5 Rg2 56. Rh7 d3 57. Rc7+ Kb3 58. Rb7+ Kc3 59. Rc7+ Kd4 60. Rd7+ Ke3 61. Re7+ Kd2 62. Rg7 Ke3 63. Re7+ Kf4 64. Rd7 d2 65. g5 Kxg5 66. Rg7+ Kf4 67. Rxg2 d1=Q+ 68. Kxb2 Qd4+ 69. Kb1 Qd1+ 0-1

[Event "*** Titled Tuesday Blitz"]
[Site "Chess.com"]
[Date "2020.03.03"]
[Round "6"]
[White "Vaathi_Coming"]
[Black "atbenina64"]
[Result "1-0"]
[WhiteElo "2827"]
[BlackElo "2527"]
[TimeControl "180+1"]
[EndTime "14:04:53 PST"]
[Termination "Vaathi_Coming won on time"]

1. c4 c6 2. d4 d5 3. cxd5 cxd5 4. Nc3 Nf6 5. Bf4 Nc6 6. e3 Bf5 7. Qb3 Na5 8. Qa4+ Bd7 9. Qc2 Rc8 10. Nf3 g6 11. Bd3 Bg7 12. h3 b5 13. a3 O-O 14.
O-O a6 15. Ne5 Be6 16. Rfc1 Nd7 17. Nxd7 Qxd7 18. Qd1 Nc4 19. Qe2 Bf5 20. b3 Na5 21. Rab1 Bxd3 22. Qxd3 Rc6 23. a4 b4 24. Na2 Qb7 25. Rxc6 Nxc6 26. Rc1 Rc8 27. Rc5 e6 28. Qc2 Bf8 29. Kh2 Bxc5 30. Qxc5 a5 31. Nc1 Na7 32. Qxa5 Nc6 33. Qc5 Ne7 34. Qa5 Rxc1 35. Qd8+ Kg7 36. Be5+ f6 37. Bxf6+ Kf7 38. Qh8 Qc7+ 39. Be5 Qc2 40.
Qf6+ Ke8 41. Bd6 Nc8 42. Qxe6+ Kd8 43. Bg3 Qf5 44. Qg8+ Kd7 45. Qxh7+ Ne7 46. Qh8 Qe6 47. Be5 Rc8 48. Qh7 Rf8 49. f3 Rf7 50. Qh8 Nc6 51. Bf4 g5 52. Bxg5 Qd6+ 53. Bf4 Rxf4 54. exf4 Qxf4+ 55. Kh1 Qc1+ 56. Kh2 Qf4+ 57. Kh1 Qxd4 58. Qh7+ Kd6 59.
h4 Qd1+ 60. Kh2 Qxb3 61. h5 Qe3 62. Qg6+ Kc5 63. h6 Qe5+ 64. g3 b3 65. h7 b2 66.
Qc2+ Kd6 67. f4 Qg7 68. Kg2 Nb4 69. Qb3 Qxh7 70. Qxb4+ Kc6 71. Qxb2 Qe4+ 72. Kf2 Qxa4 73. Qc3+ Kb5 74. Qd3+ Kc5 75. Qc3+ Kd6 76. Qd2 Qc4 77. g4 d4 78. g5 Ke6 79. Kf3 Qd5+ 80. Kg4 Qf5+ 81.
Kg3 Qh7 82. Qxd4 Qc7 83. Qe4+ Kf7 84. Qh7+ Ke6 85. Qxc7 1-0

[Event "*** Titled Tuesday Blitz"]
[Site "Chess.com"]
[Date "2020.03.03"]
[Round "6"]
[White "Alexander_Moskalenko"]
[Black "dusanacns"]
[Result "0-1"]
[WhiteElo "2832"]
[BlackElo "2665"]
[TimeControl "180+1"]
[EndTime "14:08:19 PST"]
[Termination "dusanacns won on time"]

1. d4 Nf6 2. Bg5 Ne4 3. h4 h6 4. Bc1 d6 5. f3 Ng3 6. Rh2 Nd7 7. Kf2 Nxf1 8. Qxf1 e5 9. e3 Be7 10. g3 O-O 11. Ne2 f5 12. Nbc3 e4 13. Nf4 Nf6 14. Ncd5 Nxd5 15. Nxd5 c6 16. Nxe7+ Qxe7 17. f4 Be6 18. b3 b5 19. a4 b4 20. Bb2 a5 21.
Qe2 Rfb8 22. Kg1 Qe8 23. Rd1 Rb7 24. Qf1 Bf7 25. Rdd2 Bh5 26. Qc4+ d5 27. Qf1 Bg4 28. Kf2 Rc8 29. Ke1 Rbc7 30. Qa6 Ra8 31. Qb6 Rcc8 32. Qc5 Qh5 33. Rdf2 Bf3 34. Rf1 Qg4 35. Rg1 Kh7 36.
Kd2 Qh5 37. Kc1 Bg4 38. Kb1 Qf7 39. Bc1 Qd7 40. Kb2 Rc7 41. Bd2 Rb7 42. Rc1 Rbb8 43. Rhh1 Bf3 44. Rh2 Bg4 45. Ka1 Ra6 46. Be1 Qb7 47. Bd2 Re8 48. Kb2 Re6 49. Rg1 Rg6 50.
Be1 Qd7 51. Kc1 Qf7 52. Bd2 Bf3 53. Kb2 Rg4 54. h5 Qd7 55. Qf8 Ra7 56. Qc5 Ra6 57. Kc1 Qa7 58. Qxa7 Rxa7 59. c3 bxc3 60. Bxc3 Kg8 61.
Kb2 Kf7 62. Ka3 Ke6 63. b4 axb4+ 64. Bxb4 Ra6 65. Bc5 g6 66. hxg6 Rxg6 67. Rb2 h5 68. Rbb1 Rg8 69. Rb7 Rga8 70. Rb4 Be2 71. Rh1 Kf6 72.
Rh2 Bf3 73. Bb6 Bd1 74. a5 Ke6 75. Rh1 Bf3 76. Rh3 Kd7 77. Rb2 Bg4 78. Rhh2 Bd1 79. Kb4 Bg4 80. Rhd2 Kd6 81. Rbc2 Rb8 82. Rc3 Rbxb6+ 83. axb6 Rxb6+ 84. Ka3 Ra6+ 85. Kb2 Rb6+ 86. Rb3 Ra6 87.
Rc2 Bd1 88. Rh2 Bxb3 89. Kxb3 Rb6+ 90. Kc3 Ra6 91. Rxh5 Ra3+ 92. Kd2 Ra2+ 93. Ke1 Rg2 94.
Rxf5 Rxg3 95. Kf2 Rf3+ 96. Ke2 Rh3 97. Rf6+ Kd7 98. Rg6 Rh2+ 99. Ke1 Rh3 100. Kf2 Rh2+ 101. Rg2 Rh3 102. Ke2 Rf3 103. Rf2 Rg3 104. Rh2 Rg4 105.
Kd2 Rg3 106. Rh7+ Kd6 107. Rh6+ Kd7 108. Rh2 Rf3 109. Rg2 Kd6 110. Ke2 Kd7 111. Rf2 Rh3 112. f5 Ke7 113.
Rg2 Rh6 114. Kd2 Kf6 115. Rf2 Rh5 116. Ke1 Rxf5 117. Rc2 Ke7 118. Rxc6 Kd7 119. Ra6 Rg5 120. Kd2 Rg2+ 121. Ke1 Rg3 122. Ra7+ Kd6 123. Kf2 Rf3+ 124. Ke2 Rh3 125. Ra6+ Kd7 126. Rg6 Ke7 127. Kd2 Rh2+ 128. Kc3 Re2 129. Rg3 Kd6 130. Kb4 Rc2 131. Rg6+ Kd7 132. Kb5 Rc3 133. Rg3 Kd6 134. Rg6+ Kd7 135. Rh6 Ke7 136. Rh5 Kd6 137. Rh3 Rb3+ 138. Ka4 Rb1 139. Rh6+ Kd7 140. Rh5 Ke6 141. Re5+ Kd6 142. Rg5 Re1 143. Rg6+ Kc7 144. Kb5 Rc1 145. Rf6 Kd7 146. Rb6 Rc2 147. Ra6 Rc1 148. Kb6 Rc3 149. Ra7+ Kd6 150. Kb5 Rb3+ 151. Ka4 Rxe3 152. Ra6+ Kd7 153. Kb5 Rc3 154. Ra7+ Ke6 155. Ra8 e3 156. Re8+ Kd6 157. Re5 Rb3+ 158. Ka4 Rd3 159. Kb5 Rxd4 160. Rxe3 Rc4 161. Re8 Rc7 162. Kb4 d4 163. Kb3 Kd5 164. Kb2 d3 165. Rd8+ Ke4 166. Re8+ Kd4 167. Kb3 d2 168. Kb2 Kd3 169. Rd8+ Ke2 170. Re8+ Kd1 171. Re6 Rc4 172. Kb3 Rc8 173. Kb2 Rb8+ 174. Ka2 Rb5 175. Re8 Kc2 176. Rc8+ Kd3 177. Rd8+ Kc3 178. Rc8+ Kd4 179. Rb8 Rxb8 180. Ka3 d1=Q 0-1

[Event "*** Titled Tuesday Blitz"]
[Site "Chess.com"]
[Date "2020.03.03"]
[Round "7"]
[White "Bulldog167"]
[Black "jefferyx"]
[Result "0-1"]
[WhiteElo "2765"]
[BlackElo "2945"]
[TimeControl "180+1"]
[EndTime "14:09:37 PST"]
[Termination "jefferyx won by resignation"]

1. d4 Nf6 2. c4 e6 3. Nf3 d5 4. Nc3 dxc4 5. e4 b5 6. e5 Nd5 7. Nxb5 Nb6 8. g3 Bb7 9. Bg2 Be7 10.
O-O O-O 11. Be3 Na6 12. Nd2 Bxg2 0-1

[Event "*** Titled Tuesday Blitz"]
[Site "Chess.com"]
[Date "2020.03.03"]
[Round "7"]
[White "VeraNebolsina"]
[Black "NM2019"]
[Result "1-0"]
[WhiteElo "2341"]
[BlackElo "2029"]
[TimeControl "180+1"]
[EndTime "14:11:29 PST"]
[Termination "VeraNebolsina won by resignation"]

1. e4 c5 2. Nc3 a6 3. g3 b5 4. Bg2 Bb7 5. Nh3 f5 6. O-O fxe4 7. Nxe4 Qb6 8. Qh5+ g6 9. Qe5 d5 10. Qxh8 Qe6 11. Nxc5 1-0

[Event "*** Titled Tuesday Blitz"]
[Site "Chess.com"]
[Date "2020.03.03"]
[Round "7"]
[White "Chessalary"]
[Black "Sven_Tica"]
[Result "1-0"]
[WhiteElo "2315"]
[BlackElo "2650"]
[TimeControl "180+1"]
[EndTime "14:11:33 PST"]
[Termination "Chessalary won by resignation"]

1. e4 c5 2. c3 Nf6 3. e5 Nd5 4. d4 cxd4 5. Bc4 Nb6 6. Bb3 dxc3 7.
Nxc3 Nc6 8. Nf3 d6 9. O-O dxe5 10.
Qxd8+ Nxd8 11. Nb5 f6 12. Be3 Rb8 13. Rfd1 e6 14.
Nc7+ Ke7 15. Bc5+ Kf7 16. Rxd8 Bxc5 17. Rxh8 a6 18. Bxe6+ Bxe6 19. Rxb8 1-0

[Event "*** Titled Tuesday Blitz"]
[Site "Chess.com"]
[Date "2020.03.03"]
[Round "7"]
[White "valeriocarnicelli"]
[Black "NeverEverForever1990"]
[Result "1-0"]
[WhiteElo "2522"]
[BlackElo "2360"]
[TimeControl "180+1"]
[EndTime "14:12:07 PST"]
[Termination "valeriocarnicelli won by resignation"]

1. e4 g6 2. d4 Bg7 3. Nc3 d6 4. Be3 a6 5. f4 b5 6. Nf3 Bb7 7. Bd3 Nd7 8. e5 Nh6 9. Qe2 O-O 10. O-O-O b4 11. Ne4 Nf5 12. Bf2 c5 13. dxc5 d5 14. g4 dxe4 15. Bxe4 Bxe4 16. Qxe4 Qa5 17. Kb1 Nxc5 18.
Bxc5 Qxc5 19. gxf5 Rad8 20. h4 a5 21. h5 a4 22.
hxg6 a3 23. gxf7+ Kh8 24. Rxh7+ Kxh7 25. f6+ Kh8 26. Rh1+ 1-0

[Event "*** Titled Tuesday Blitz"]
[Site "Chess.com"]
[Date "2020.03.03"]
[Round "7"]
[White "secretsuperstar7"]
[Black "Dale"]
[Result "1-0"]
[WhiteElo "2223"]
[BlackElo "1940"]
[TimeControl "180+1"]
[EndTime "14:12:17 PST"]
[Termination "secretsuperstar7 won by checkmate"]

1. d4 d6 2. c4 c6 3. e4 g6 4. Nc3 Qb6 5. Nf3 Bg4 6. Be2 Bg7 7.
Be3 Qxb2 8. Na4 Qa3 9. Rb1 Bxf3 10. gxf3 Qxa2 11. Ra1 Qxa1 12. Qxa1 c5 13. Nb6 Nc6 14. Nxa8 cxd4 15. Bd2 d3 16. Qxg7 Nf6 17. Qxh8+ Kd7 18. Bxd3 h5 19. Ke2 h4 20. Be3 h3 21. Rb1 Ne5 22. Rxb7+ Ke6 23. Qxh3+ Nfg4 24. fxg4 a5 25. g5+ f5 26. exf5+ gxf5 27. Qxf5# 1-0

[Event "*** Titled Tuesday Blitz"]
[Site "Chess.com"]
[Date "2020.03.03"]
[Round "7"]
[White "MikeSailer"]
[Black "ChessPlayer202202"]
[Result "0-1"]
[WhiteElo "2117"]
[BlackElo "2291"]
[TimeControl "180+1"]
[EndTime "14:12:21 PST"]
[Termination "ChessPlayer202202 won by resignation"]

1. Nf3 Nf6 2. b4 e6 3. a3 c5 4. bxc5 Bxc5 5. e3 O-O 6. Bb2 b6 7. Be2 Ba6 8. O-O Bxe2 9. Qxe2 d5 10. d4 Bd6 11. Nbd2 Nbd7 12. c4 Rc8 13. Rfc1 Qe7 14. a4 a5 15. cxd5 exd5 16. Qb5 h6 17.
h3 Qe6 18. Rc6 Rxc6 19. Qxc6 Bh2+ 0-1

[Event "*** Titled Tuesday Blitz"]
[Site "Chess.com"]
[Date "2020.03.03"]
[Round "7"]
[White "mbojan"]
[Black "Bad4life"]
[Result "1-0"]
[WhiteElo "2678"]
[BlackElo "2302"]
[TimeControl "180+1"]
[EndTime "14:12:26 PST"]
[Termination "mbojan won on time"]

1. e4 c5 2. Nf3 g6 3. d4 cxd4 4.
Nxd4 Nc6 5. Nc3 Bg7 6. Be3 Nf6 7.
Nxc6 bxc6 8. e5 Ng8 9. f4 f6 10. exf6 Nxf6 11. Qd2 O-O 12. Be2 Qc7 13. O-O Rb8 14. b3 1-0

[Event "*** Titled Tuesday Blitz"]
[Site "Chess.com"]
[Date "2020.03.03"]
[Round "7"]
[White "ChelsieMonica"]
[Black "JozefKneht"]
[Result "1-0"]
[WhiteElo "2201"]
[BlackElo "2559"]
[TimeControl "180+1"]
[EndTime "14:12:53 PST"]
[Termination "ChelsieMonica won by resignation"]

1. c4 e6 2. Nf3 d5 3. e3 Nf6 4.
Be2 Be7 5. O-O O-O 6. Nc3 c5 7.
d4 Nc6 8. cxd5 exd5 9. dxc5 Bxc5 10. a3 a6 11. b4 Ba7 12. Bb2 Be6 13. Ng5 Qe7 14. Bf3 Rfd8 15. Ne2 h6 16. Nxe6 fxe6 17.
Rc1 Rac8 18. Qd3 e5 19. Qb3 Kh8 20. Ng3 Qd7 21. Rfd1 d4 22. a4 Qe7 23. Bxc6 bxc6 24. exd4 exd4 25. Nf5 Qe5 26. Qh3 a5 27. Re1 Qb8 28.
Nxh6 gxh6 29. Qxh6+ Kg8 30. Qg6+ 1-0